 Dungeon Crawl Stone Soup version 0.14-a0-59-gd5eeb80 (webtiles) character file.

2233 Aelig the Covert (level 8, -2/55 HPs)
             Began as a Vampire Enchanter on Sept 30, 2013.
             Was an Initiate of Sif Muna.
             Slain by a killer bee (9 damage)
             ... on Level 8 of the Dungeon.
             The game lasted 00:30:03 (7834 turns).

Aelig the Covert (Vampire Enchanter)                Turns: 7834, Time: 00:30:04

HP  -2/55        AC  5     Str  7      XL: 8   Next: 85%
MP   2/13        EV 12     Int 19      God: Sif Muna [......]
Gold 411         SH  0     Dex 14      Spells:  3 memorised,  3 levels left

Res.Fire  : . . .   See Invis. : +   G - +0,+1 sabre (venom)
Res.Cold  : + . .   Warding    : .   b - +1 robe
Life Prot.: + + .   Conserve   : .   (no shield)
Res.Poison: +       Res.Corr.  : .   J - +0 helmet
Res.Elec. : .       Clarity    : .   z - +0 dwarf cloak
Sust.Abil.: . .     Spirit.Shd : .   (no gloves)
Res.Mut.  : .       Stasis     : .   (no boots)
Res.Rott. : +       Flight     : .   (no amulet)
Saprovore : . . .                    (no ring)
                                     m - ring of protection from magic

@: regenerating slowly, very slightly contaminated, quite resistant to hostile
enchantments, extraordinarily stealthy
A: bottle blood, fangs 3, see invisible, unbreathing
a: Bat Form, Bottle Blood, Renounce Religion


You were on level 8 of the Dungeon.
You worshipped Sif Muna.
Sif Muna was noncommittal.
You were thirsty.

You visited 2 branches of the dungeon, and saw 10 of its levels.

You collected 391 gold pieces.

Inventory:

Hand weapons
 a - a +1,+1 dagger
 G - a +0,+1 sabre of venom (weapon)
Missiles
 d - 12 darts (quivered)
Armour
 b - a +1 robe (worn)
 z - a +0 dwarven cloak (worn)
 J - a +0 helmet (worn)
Magical devices
 c - a wand of fireball (5)
 y - a wand of magic darts (8) {unknown}
Scrolls
 f - 3 scrolls of enchant weapon I {unknown}
 g - 4 scrolls of blinking {unknown}
 h - 3 scrolls of curse jewellery {unknown}
 i - 2 scrolls of amnesia {unknown}
 k - 3 scrolls of identify
 l - 5 scrolls of random uselessness {unknown}
 n - 3 scrolls of curse weapon {unknown}
 o - 4 scrolls of magic mapping {unknown}
 p - 2 scrolls of enchant armour {unknown}
 t - 3 scrolls of fear {unknown}
 v - 4 scrolls of remove curse {unknown}
 E - a scroll of recharging {unknown}
 L - a scroll of fog {unknown}
 N - a scroll of enchant weapon II {unknown}
Jewellery
 m - a ring of protection from magic (left hand)
Potions
 e - a potion of resistance {unknown}
 j - 2 potions of cure mutation {unknown}
 q - a potion of restore abilities {unknown}
 r - 2 potions of flight {unknown}
 s - 3 potions of curing
 u - 2 potions of poison {unknown}
 w - a potion of might {unknown}
 x - 2 potions of heal wounds {unknown}
 A - a potion of mutation {unknown}
 B - a potion of magic {unknown}
 C - a potion of agility {unknown}
 F - a potion of brilliance {unknown}
 H - 2 potions of invisibility {unknown}
 I - 9 potions of blood
 K - a potion of berserk rage {unknown}
Magical staves
 D - an uncursed staff of poison
 M - an uncursed staff of earth
Rods
 O - a +0 rod of frigid destruction (10/10)
   (You found it on level 8 of the Dungeon)


   Skills:
 * Level 3.8 Fighting
 - Level 4.0 Short Blades
 - Level 0.7 Throwing
 - Level 2.1 Dodging
 + Level 13.8 Stealth
 - Level 1.0 Spellcasting
 - Level 7.0 Hexes


You had 3 spell levels left.
You knew the following spells:

 Your Spells              Type           Power        Failure   Level  Hunger
a - Corona                Hex            ####...      1%          1    ##.....
b - Ensorcelled Hibernat  Hex/Ice        ##....       10%         2    ###....
c - Confuse               Hex            ####....     3%          3    ####...


Dungeon Overview and Level Annotations

Branches:
Dungeon (9/27)             Temple (1/1) D:6             Orc (0/4) D:8
   Lair: D:8-13

Altars:
Ashenzari
Cheibriados
Elyvilon
Fedhas
Kikubaaqudgha
Makhleb
Nemelex Xobeh
Okawaru
Sif Muna
Trog
Vehumet
Xom
Yredelemnul
Zin
the Shining One

Shops:
D:7 (

Annotations:
D:5 Blork the orc
D:8 exclusion: downstairs
D:9 Erolcha


Innate Abilities, Weirdness & Mutations

You heal slowly.
You can bottle blood from corpses.
You have razor-sharp teeth.*
You have supernaturally acute eyesight.
You can survive without breathing.*


Message History

There is an escape hatch in the floor here.
Drink which item? (? for menu, Esc to quit)
Okay, then.
There are monsters nearby!
Unknown command.
Evoke which item? (* to show all) (? for menu, Esc to quit)
Zapping:
c - a twisted iron wand
Press: ? - help, Shift-Dir - straight line, f/p - killer bee
Aim: a killer bee The fireball explodes!
The fireball engulfs the killer bee.
The killer bee is severely wounded.
The fireball engulfs you!
* * * LOW HITPOINT WARNING * * *
The fireball engulfs the killer bee.
The killer bee is moderately wounded.
c - a wand of fireball {zapped: 1} The killer bee stings you but does no damage.
The killer bee closely misses you. The killer bee barely misses you.
The killer bee stings you!
You die...

......# #.............#
#.... ####.##
#.............# ####' #.#
########'###### #. ..#
#..## #. ## ##..# ##
#+#### ##.# #####
....k..### ######'####
#.... .......'.#
#.........# ###....
k......#.####.k@......#
##.'.... k....
#....#.k.......# #..#....
....
####.%.........###.##<...
...
###.......).'(((##.... #
#.........##########
########'## #..#
##########'##
#...........#


You could see 2 killer bees.

Vanquished Creatures
  A steam dragon (D:8)
  A manticore (D:7)
  An orc warrior (D:7)
  A phantom (D:8)
  4 centaurs
  2 big kobolds (D:6)
  A giant frog (D:7)
  3 wights (D:7)
  2 killer bees (D:8)
  A centaur zombie (D:8)
  A hound (D:7)
  A jelly (D:6)
  2 orc priests (D:6)
  A giant frog skeleton (D:5)
  A scorpion (D:5)
  An iguana (D:4)
  4 orc wizards
  An ogre zombie (D:8)
  6 worker ants
  4 adders
  2 giant mites
  2 worms
  A giant eyeball (D:4)
  3 giant geckos
  15 orcs
  12 bats
  4 giant cockroaches
  13 hobgoblins
  16 jackals
  3 quokkas
  A ball python (D:1)
  4 giant newts
  10 goblins
  A goblin skeleton (D:8)
  2 hobgoblin skeletons
  3 hobgoblin zombies (D:8)
  15 kobolds
  3 orc zombies (D:8)
  13 rats
162 creatures vanquished.

Notes
Turn   | Place    | Note
--------------------------------------------------------------
     0 | D:1      | Aelig, the Vampire Enchanter, began the quest for the Orb.
     0 | D:1      | Reached XP level 1. HP: 13/13 MP: 4/4
   168 | D:1      | Reached skill level 5 in Hexes
   212 | D:1      | Reached XP level 2. HP: 1/19 MP: 3/5
   768 | D:1      | Learned a level 2 spell: Ensorcelled Hibernation
   988 | D:1      | Reached XP level 3. HP: 22/24 MP: 6/6
  1678 | D:2      | Reached skill level 5 in Stealth
  1788 | D:2      | Reached skill level 6 in Hexes
  1788 | D:2      | Reached XP level 4. HP: 26/30 MP: 5/8
  2813 | D:4      | Reached XP level 5. HP: 35/35 MP: 9/9
  2831 | D:4      | Learned a level 3 spell: Confuse
  3608 | D:4      | Reached skill level 7 in Stealth
  3783 | D:5      | Entered Level 5 of the Dungeon
  3800 | D:5      | Found a sand-covered staircase.
  4050 | D:6      | Reached XP level 6. HP: 39/41 MP: 5/10
  4160 | D:6      | Noticed a centaur
  4658 | D:7      | Reached skill level 1 in Fighting
  4658 | D:7      | Reached skill level 8 in Stealth
  4687 | D:7      | Found a shattered altar of Ashenzari.
  5096 | D:7      | Found Ixkasch's Antique Weapon Emporium.
  5340 | D:8      | Reached skill level 9 in Stealth
  5398 | D:7      | Reached XP level 7. HP: 29/47 MP: 8/11
  5567 | D:5      | Noticed Blork the orc
  5799 | D:5      | Noticed a centaur
  5809 | D:5      | Killed a centaur
  5809 | D:5      | Reached skill level 10 in Stealth
  5834 | D:5      | Noticed a centaur
  5843 | D:5      | Killed a centaur
  6362 | D:6      | Killed a centaur
  6362 | D:6      | Reached skill level 11 in Stealth
  6362 | D:6      | Reached XP level 8. HP: 36/54 MP: 5/13
  6457 | D:6      | Found a staircase to the Ecumenical Temple.
  6540 | Temple   | Entered the Ecumenical Temple
  6686 | Temple   | Became a worshipper of Sif Muna the Loreminder
  7007 | D:7      | Reached skill level 12 in Stealth
  7190 | D:8      | Noticed a steam dragon
  7196 | D:8      | Killed a steam dragon
  7196 | D:8      | Reached skill level 13 in Stealth
  7296 | D:9      | Noticed Erolcha
  7336 | D:8      | Identified a +0 rod of frigid destruction (10/10) (You found it on level 8 of the Dungeon)
  7454 | D:8      | Found a staircase to the Orcish Mines.
  7454 | D:8      | Noticed a hill giant zombie
  7834 | D:8      | Slain by a killer bee

Action                   |  1- 3 |  4- 6 |  7- 9 || total
-------------------------+-------+-------+-------++-------
Melee: Dagger            |   130 |   272 |       ||   402
       Sabre             |       |       |   113 ||   113
 Cast: Corona            |     6 |     3 |       ||     9
       Ensorcelled Hiber |     7 |    23 |    33 ||    63
       Confuse           |       |     6 |     7 ||    13
 Abil: Bottle Blood      |       |     1 |     8 ||     9
       End Transformatio |       |     1 |     2 ||     3
       Bat Form          |       |     1 |     2 ||     3
Evoke: Wand              |       |       |     1 ||     1
  Use: Potion            |       |     1 |     2 ||     3
       Scroll            |       |       |     1 ||     1
 Stab: Sleeping          |    14 |    23 |    27 ||    64
       Confused          |       |       |     4 ||     4
       Distracted        |       |       |     1 ||     1
